 Dungeon Crawl Stone Soup version 0.28.0-53-g5a82cb258f (webtiles) character file.

Game seed: 4716937221655061685

236 issech the Chopper (level 5, 0/47 HPs)
             Began as a Minotaur Monk on May 31, 2022.
             Slain by a kobold
             ... wielding a +2 whip of venom
              (7 damage)
             ... on level 3 of the Dungeon on June 1, 2022.
             The game lasted 00:07:48 (2924 turns).

issech the Chopper (Minotaur Monk)                  Turns: 2924, Time: 00:07:48

Health: 0/47       AC:  6    Str: 15    XL:     5   Next: 77%
Magic:  4/4        EV: 11    Int:  7    God:
Gold:   78         SH:  0    Dex: 15    Spells: 4/4 levels left

rFire   . . .      SeeInvis .   a - +0 hand axe
rCold   . . .      Faith    .   (no shield)
rNeg    . . .      Spirit   .   e - +0 scale mail
rPois   .          Reflect  .   (helmet restricted)
rElec   .          Harm     .   (no cloak)
rCorr   .          Rampage  .   (no gloves)
Will    .....                   (no boots)
Stlth   ..........              (no amulet)
HPRegen 0.15/turn               (no ring)
MPRegen 0.09/turn               (no ring)

@: confused, lethally poisoned (0 -> -14)
A: horns 2, retaliatory headbutt
a: no special abilities


You were on level 3 of the Dungeon.
You visited 1 branch of the dungeon, and saw 3 of its levels.

You collected 78 gold pieces.

Inventory:

Hand Weapons
 a - a +0 hand axe (weapon)
 g - a +0 dagger
 h - a +0 flail of protection
Missiles
 j - 50 bolts
 k - 67 stones (quivered)
Armour
 b - a +0 robe
 e - a +0 scale mail (worn)
 o - an orb of wrath
Magical Staves
 r - a staff of earth
Scrolls
 c - a scroll of vulnerability {unknown}
 i - a scroll of amnesia {unknown}
 l - a scroll of enchant armour {unknown}
 n - a scroll of teleportation {unknown}
 p - a scroll of magic mapping {unknown}
 t - a scroll of immolation {unknown}
Potions
 d - 2 potions of heal wounds {unknown}
 f - a potion of lignification {unknown}
 m - a potion of cancellation {unknown}
 q - a potion of flight {unknown}
 s - a potion of berserk rage {unknown}


   Skills:
 + Level 4.6 Fighting
 + Level 5.8 Axes
 + Level 2.7 Armour
 + Level 4.1 Dodging
 + Level 2.0 Stealth


You had 4 spell levels left.
You didn't know any spells.
Your spell library contained the following spells:

 Spells                   Type           Power      Damage    Failure   Level
 Summon Small Mammal      Summ           0%         N/A       87%         1
 Call Canine Familiar     Summ           0%         N/A       99%         3
 Summon Guardian Golem    Hex/Summ       0%         N/A       99%         3


Dungeon Overview and Level Annotations

Branches:
Dungeon (3/15)

Altars:

Shops:
D:2 [


Innate Abilities, Weirdness & Mutations

You have a pair of horns on your head.
You reflexively headbutt those who attack you in melee.


Message History

The orc wizard is severely wounded.
The orc wizard casts a spell at you.
You are confused.
You're too confused to move!
The orc wizard casts a spell at you. You resist with some effort.
You closely miss the orc wizard.
The orc wizard is severely wounded.
The orc wizard hits you with a +0 dagger.
You bump into the rock wall.
The orc wizard casts a spell at you.
You are more confused.
You bump into the rock wall.
The orc wizard points at you and mumbles some strange words.
The puff of flame hits you.
You closely miss the orc wizard.
The orc wizard is severely wounded.
The orc wizard hits you but does no damage.
You slash the orc wizard!
You kill the orc wizard!
You hit the kobold. Your headbutt misses the kobold.
The kobold is moderately wounded.
The kobold hits you with a +2 whip of venom.
You are poisoned.
You bump into the rock wall.
You feel very sick. The kobold closely misses you.
You bump into the rock wall.
You feel very sick. The kobold closely misses you.
You bump into the rock wall.
You feel sick.
The kobold hits you with a +2 whip of venom.
* * * LOW HITPOINT WARNING * * *
You are lethally poisoned!
You closely miss the kobold.
The kobold is moderately wounded.
* * * LOW HITPOINT WARNING * * *
You feel very sick.
The kobold hits you with a +2 whip of venom!
You die...

#.# #<# ##.# ### ##
#.# #... ..#.. #†#
#..# #.#.# #.# #..#
#.#.# #.# #..# #...#
#.## #..# #...
...###..# ######K#
....##..# #....)@#
........# #.######
....##.## #.#########
...###.####..........
#............########
######.#####.# #.#
#)# #.# #.# ..# #.#


You could see a kobold.

Vanquished Creatures
  A necrophage (D:2)
  An orc wizard (D:3)
  A gnoll (D:1)
  4 adders (D:2)
  2 dart slugs
  2 orcs (D:3)
  9 bats
  6 endoplasms
  2 giant cockroaches (D:2)
  5 goblins
  8 hobgoblins
  7 jackals
  5 quokkas
  5 ball pythons
  3 frilled lizards
  10 kobolds
  5 rats
76 creatures vanquished.

Notes
Turn   | Place    | Note
-------+----------+-------------------------------------------
     0 | D:1      | issech the Minotaur Monk began the quest for the Orb.
     0 | D:1      | Reached XP level 1. HP: 19/19 MP: 0/0
   230 | D:1      | Reached XP level 2. HP: 11/27 MP: 1/1
   247 | D:1      | Reached skill level 4 in Axes
  1173 | D:1      | Reached XP level 3. HP: 29/33 MP: 2/2
  1724 | D:2      | Found a faded altar of an unknown god.
  1800 | D:2      | Noticed a necrophage
  1817 | D:2      | Killed a necrophage
  1818 | D:2      | Reached skill level 5 in Axes
  1818 | D:2      | Reached skill level 1 in Armour
  1818 | D:2      | Reached XP level 4. HP: 24/41 MP: 3/3
  1818 | D:2      | Reached XP level 5. HP: 28/47 MP: 4/4
  2253 | D:2      | Found Hoisucw's Antique Armour Shop.
  2924 | D:3      | Slain by a kobold

Illustrated notes

Levels and vault maps discovered:
D:1:      nicolae_arrival_somewhat_less_tricky_arrival, layout_basic,
          grunt_decor_cap
D:2:      minmay_thinvault, layout_rooms, ebering_ecumenical_altar_sacrificial,
          serial_shops, nicolae_shop_hallway_plus
D:3:      layout_loops_ring, uniq_natasha

Skill      XL: |  1  2  3  4  5 |
---------------+----------------+-----
Axes           | 4 5 |  5.8
Fighting       | 4 |  4.6
Armour         | 1 2 |  2.7
Dodging        | 4 |  4.1
Stealth        | 2 |  2.0

Action                   |  1- 3 |  4- 6 || total
-------------------------+-------+-------++-------
Melee: Hand axe          |   112 |    84 ||   196
       Headbutt          |    12 |    16 ||    28
       Punch             |     1 |       ||     1
Armor: Robe              |    19 |       ||    19
       Scale mail        |    46 |    27 ||    73
Dodge: Dodged            |    74 |    49 ||   123
